 Dungeon Crawl Stone Soup version 0.29.1-15-g9cfb28693d (webtiles) character file.

Game seed: 8681665556171666751

658 moth the Poker (level 7, -4/60 HPs)
             Began as a Gnoll Cinder Acolyte on Feb 24, 2023.
             Was a High Priest of Ignis.
             Slain by a gnoll sergeant
             ... wielding a +0 spear
              (10 damage)
             ... on level 4 of the Dungeon.
             The game lasted 00:15:47 (3883 turns).

moth the Poker (Gnoll Cinder Acolyte)               Turns: 3883, Time: 00:15:48

Health: -4/60      AC:  4    Str: 15    XL:     7   Next: 55%
Magic:  7/7        EV: 11    Int: 13    God:    Ignis [*****.]
Gold:   122        SH:  0    Dex:  8    Spells: 13/13 levels left

rFire   . . .      SeeInvis .   o - +4 scythe (antimagic)
rCold   + . .      Faith    .   (shield currently unavailable)
rNeg    . . .      Spirit   .   h - +0 leather armour
rPois   .          Reflect  .   (no helmet)
rElec   .          Harm     .   (no cloak)
rCorr   .          Rampage  .   (no gloves)
Will    .....                   i - +0 pair of boots
Stlth   ++........              (no amulet)
HPRegen 0.20/turn               p - ring of ice
MPRegen 0.10/turn               q - ring of magical power

@: no status effects
A: fangs 1, strong nose, distributed training
a: Renounce Religion, Fiery Armour, Foxfire Swarm, Rising Flame


You were on level 4 of the Dungeon.
You worshipped Ignis.
Ignis was extremely pleased with you.
You visited 1 branch of the dungeon, and saw 4 of its levels.

You collected 197 gold pieces.
You spent 75 gold pieces at shops.

Inventory:

Hand Weapons
 a - a +0 spear of flaming
 o - a +4 antimagic scythe (weapon)
Armour
 b - a +0 robe
 h - a +0 leather armour (worn)
 i - a +0 pair of boots (worn)
Jewellery
 p - a ring of ice (left hand)
 q - a ring of magical power (right hand)
Wands
 m - a wand of flame (15)
 r - a wand of roots (13)
Scrolls
 d - 2 scrolls of magic mapping {unknown}
 e - 4 scrolls of teleportation {unknown}
 f - 2 scrolls of fear {unknown}
 g - a scroll of identify {unknown}
 j - a scroll of noise {unknown}
Potions
 c - 2 potions of haste
 l - a potion of magic {unknown}


   Skills:
 + Level 7.1 Fighting
 + Level 2.6 Short Blades
 + Level 2.6 Long Blades
 + Level 2.6 Axes
 + Level 2.6 Maces & Flails
 + Level 7.1 Polearms
 + Level 2.6 Staves
 + Level 2.6 Ranged Weapons
 + Level 2.6 Throwing
 + Level 2.6 Armour
 + Level 2.6 Dodging
 + Level 2.6 Stealth
 + Level 2.6 Shields
 + Level 2.6 Unarmed Combat
 + Level 3.9 Spellcasting
 + Level 2.1 Conjurations
 + Level 2.1 Hexes
 + Level 2.1 Summonings
 + Level 2.1 Necromancy
 + Level 2.1 Translocations
 + Level 2.1 Transmutations
 + Level 5.9 Fire Magic
 + Level 2.1 Ice Magic
 + Level 2.1 Air Magic
 + Level 2.1 Earth Magic
 + Level 2.1 Poison Magic
 + Level 3.0 Invocations
 + Level 2.6 Evocations


You had 13 spell levels left.
You didn't know any spells.
Your spell library contained the following spells:

 Spells                   Type           Power      Damage    Failure   Level
 Scorch                   Fire           34%        2d6       3%          2
 Magic Dart               Conj           32%        1d4       11%         1
 Shock                    Conj/Air       32%        1d5       11%         1
 Summon Small Mammal      Summ           32%        N/A       11%         1
 Searing Ray              Conj           16%        2d5       16%         2
 Call Canine Familiar     Summ           8%         N/A       30%         3
 Gell's Gravitas          Tloc           8%         N/A       30%         3
 Lesser Beckoning         Tloc           8%         N/A       30%         3
 Summon Guardian Golem    Hex/Summ       8%         N/A       30%         3
 Swiftness                Air            8%         N/A       30%         3
 Teleport Other           Tloc           8%         N/A       30%         3
 Airstrike                Air            4%         2d(1-17)  71%         4
 Fulminant Prism          Conj/Hex       4%         3d6       71%         4


Dungeon Overview and Level Annotations

Branches:
Dungeon (4/15)
 Temple: D:4-7

Altars:
Ashenzari
Elyvilon
Fedhas
Uskayaw

Shops:
D:1 :   D:2 ?


Innate Abilities, Weirdness & Mutations

You have very sharp teeth.
Your uncanny sense of smell can sniff out nearby items.
Your experience applies equally to all skills.


Message History

The gnoll sergeant hits you from afar with a +0 spear!
The gnoll hits you from afar with a +0 spear.
The hound barely misses you.
The gnoll sergeant hits you from afar with a +0 spear.
The gnoll hits you from afar with a +0 spear.
You closely miss the hound.
The hound is lightly wounded.
The hound barely misses you. The hound bites you. The hound closely misses you.
The gnoll sergeant hits you from afar with a +0 spear!
* * * LOW HITPOINT WARNING * * *
The gnoll barely misses you. The hound bites you but does no damage.
Aiming: Throw Flame
Press: ? - help, Q - select action, (/) - cycle Shift-Dir - straight line, f/p - gnoll sergeant
Aim: a gnoll sergeant, wielding a +0 spear and wearing a +0 scale mail (79% to hit)
The puff of flame hits the hound!
The hound is heavily wounded.
The hound closely misses you. x2; The gnoll sergeant closely misses you.
The gnoll hits you but does no damage. The hound closely misses you.
You hit the hound. Your bite misses the hound.
The hound is moderately wounded.
The hound bites you.
* * * LOW HITPOINT WARNING * * *
The hound barely misses you.
The gnoll sergeant hits you but does no damage.
The hound closely misses you.
The gnoll hits you from afar with a +0 spear.
* * * LOW HITPOINT WARNING * * *
A kobold comes into view. It is wielding a +0 trident.
The hound barely misses you. x2
You see here a +0 club.
The hound attacks as you move away! The hound bites you but does no damage.
The hound attacks as you move away! The hound bites you.
* * * LOW HITPOINT WARNING * * *
The hound barely misses you. The hound barely misses you.
The hound attacks as you move away! The hound barely misses you.
You puncture the hound!
You kill the hound!
The gnoll sergeant hits you from afar with a +0 spear!
You die...

...###.....#..##
..../.?........#
............. ..[........
. #. #.)...?.#####.. ..#
##.# #......... #..
#..###......... ... #..
##.ghg.#.......
....##.##....#.@.......
....#..K....####......#
...........##.##.......
.......................
.........<#.............
.........#####.........#
........## ##.........#
.........####.........##
...........#...###.....###


You could see a gnoll sergeant, a hound and a gnoll.

Vanquished Creatures
  Grinder (D:4)
  Sigmund (D:3)
  An ogre (D:4)
  2 hounds
  An orc priest (D:3)
  Jessica (D:3)
  Ijyb (D:3)
  2 gnolls (D:4)
  An adder (D:3)
  A worm (D:2)
  2 dart slugs
  4 orcs (D:3)
  A ball python (D:4)
  6 endoplasms
  6 giant cockroaches
  7 goblins
  7 hobgoblins
  2 jackals (D:1)
  5 kobolds
  2 quokkas (D:1)
  3 bats (D:1)
  A frilled lizard (D:1)
  9 rats
67 creatures vanquished.

Notes
Turn   | Place    | Note
-------+----------+-------------------------------------------
     0 | D:1      | moth the Gnoll Cinder Acolyte began the quest for the Orb.
     0 | D:1      | Reached XP level 1. HP: 23/23 MP: 4/4
   103 | D:1      | Reached XP level 2. HP: 27/29 MP: 5/5
  1011 | D:1      | Reached XP level 3. HP: 32/35 MP: 7/7
  1076 | D:1      | Found Qekhaupn's Book Shoppe.
  1301 | D:2      | Reached skill level 1 in Invocations
  1344 | D:2      | Found a hide-covered altar of Uskayaw.
  1472 | D:2      | Found Sousi's Magic Scroll Boutique.
  1486 | D:2      | Bought a scroll of enchant weapon for 75 gold pieces
  1654 | D:2      | Reached skill level 1 in Short Blades
  1654 | D:2      | Reached skill level 1 in Long Blades
  1654 | D:2      | Reached skill level 1 in Axes
  1654 | D:2      | Reached skill level 1 in Maces & Flails
  1654 | D:2      | Reached skill level 1 in Staves
  1654 | D:2      | Reached skill level 1 in Ranged Weapons
  1654 | D:2      | Reached skill level 1 in Throwing
  1654 | D:2      | Reached skill level 1 in Armour
  1654 | D:2      | Reached skill level 1 in Dodging
  1654 | D:2      | Reached skill level 1 in Stealth
  1654 | D:2      | Reached skill level 1 in Shields
  1654 | D:2      | Reached skill level 1 in Unarmed Combat
  1654 | D:2      | Reached skill level 1 in Evocations
  2111 | D:3      | Noticed Ijyb
  2127 | D:3      | Noticed Jessica
  2131 | D:3      | Killed Ijyb
  2132 | D:3      | Reached XP level 4. HP: 30/41 MP: 8/8
  2136 | D:3      | Killed Jessica
  2137 | D:3      | Reached skill level 1 in Conjurations
  2137 | D:3      | Reached skill level 1 in Hexes
  2137 | D:3      | Reached skill level 1 in Summonings
  2137 | D:3      | Reached skill level 1 in Necromancy
  2137 | D:3      | Reached skill level 1 in Translocations
  2137 | D:3      | Reached skill level 1 in Transmutations
  2137 | D:3      | Reached skill level 1 in Ice Magic
  2137 | D:3      | Reached skill level 1 in Air Magic
  2137 | D:3      | Reached skill level 1 in Earth Magic
  2137 | D:3      | Reached skill level 1 in Poison Magic
  2375 | D:3      | Noticed Sigmund
  2387 | D:3      | Killed Sigmund
  2388 | D:3      | Reached XP level 5. HP: 14/47 MP: 0/10
  2388 | D:3      | Reached XP level 6. HP: 16/53 MP: 0/11
  3171 | D:3      | Found a blossoming altar of Fedhas.
  3171 | D:3      | Found a white marble altar of Elyvilon.
  3179 | D:3      | Found a faded altar of an unknown god.
  3187 | D:3      | Found a broken altar of Ashenzari.
  3189 | D:3      | Found a faded altar of an unknown god.
  3453 | D:3      | Found a faded altar of an unknown god.
  3575 | D:4      | Noticed Grinder
  3609 | D:4      | Reached XP level 7. HP: 23/60 MP: 7/12
  3622 | D:4      | Killed Grinder
  3883 | D:4      | Slain by a gnoll sergeant

Illustrated notes

Levels and vault maps discovered:
D:1:      tarquinn_simple_flora_water_f, layout_basic, serial_shops, shop
D:2:      layout_basic, serial_shops, nicolae_shop_window_shopping, basic_altar
D:3:      layout_basic, chequers_temple_overflow_minitemple,
          ebering_ecumenical_altar_hall, amethyst_killhole, uniq_sigmund,
          uniq_ijyb, uniq_jessica
D:4:      layout_cave_pools, zin_treasury, uniq_grinder

Skill      XL: |  1  2  3  4  5  6  7 |
---------------+----------------------+-----
Invocations    | 1 2 3 |  3.0
Short Blades   | 1 2 |  2.6
Long Blades    | 1 2 |  2.6
Axes           | 1 2 |  2.6
Maces & Flails | 1 2 |  2.6
Staves         | 1 2 |  2.6
Ranged Weapons | 1 2 |  2.6
Throwing       | 1 2 |  2.6
Armour         | 1 2 |  2.6
Dodging        | 1 2 |  2.6
Stealth        | 1 2 |  2.6
Shields        | 1 2 |  2.6
Unarmed Combat | 1 2 |  2.6
Evocations     | 1 2 |  2.6
Spellcasting   | 3 |  3.9
Conjurations   | 1 2 |  2.1
Hexes          | 1 2 |  2.1
Summonings     | 1 2 |  2.1
Necromancy     | 1 2 |  2.1
Translocations | 1 2 |  2.1
Transmutations | 1 2 |  2.1
Ice Magic      | 1 2 |  2.1
Air Magic      | 1 2 |  2.1
Earth Magic    | 1 2 |  2.1
Poison Magic   | 1 2 |  2.1
Fighting       | 7 |  7.1
Polearms       | 7 |  7.1
Fire Magic     | |  5.9

Action                   |  1- 3 |  4- 6 |  7- 9 || total
-------------------------+-------+-------+-------++-------
Melee: Spear             |   127 |    16 |       ||   143
       Bite              |     8 |     6 |     3 ||    17
       Punch             |     2 |       |       ||     2
       Halberd           |       |    68 |    26 ||    94
Invok: Fiery Armour      |     1 |       |       ||     1
Evoke: Wand              |       |       |     1 ||     1
  Use: Scroll            |     1 |       |       ||     1
       Potion            |       |     3 |     4 ||     7
Armor: Robe              |    27 |       |       ||    27
       Leather armour    |    17 |    22 |     7 ||    46
Dodge: Dodged            |    75 |    59 |    23 ||   157
